AoeStats
← Stanko2026

Arabian Desert

510503045Analyzed
1v1 RM · 19h ago on Oct 1, 2026· 43m 23s· 2 players
Game mode
Random Map
Map size
Tiny (2 player)
Population
200
Speed
Normal
Resources
Standard
Victory
Conquest
Starting age
Dark Age
Ending age
Imperial Age
RankedLock teamsTeams togetherTeam positionsShared explorationLock speedFull tech treeHidden civsTurbo modeCheats
Victory
Defeat
🇩🇪 Ethiopians · Germany
749
+18
🇬🇧 Muisca · United Kingdom
802
-18
Jeeksbur
7:40 Loom
10:11 Feudal Age
10:42 Double-Bit Axe
10:39 Horse Collar
15:10 Wheelbarrow
18:48 Castle Age
19:37 Heavy Plow
19:50 Bow Saw
20:26 Scale Mail Armor
20:17 Fletching
20:04 Elite Skirmisher
21:48 Pikeman
23:18 Padded Archer Armor
25:14 Chain Mail Armor
24:58 Bodkin Arrow
29:38 Chain Mail Armor
29:39 Leather Archer Armor
34:01 Imperial Age
32:31 Champi Runner
33:49 Forging
33:46 Squires
34:48 Champi Warrior
39:04 Iron Casting
Stanko2026
0:28 Loom
12:02 Feudal Age
12:32 Horse Collar
12:38 Double-Bit Axe
12:46 Gold Mining
21:36 Castle Age
21:33 Stone Mining
22:20 Heavy Plow
22:32 Bow Saw
22:59 Stone Shaft Mining
22:59 Gold Shaft Mining
23:55 Scale Mail Armor
24:45 Royal Heirs
25:30 Murder Holes
28:08 Masonry
28:21 Ballistics
36:12 Imperial Age
35:01 Crossbowman
37:57 Chemistry
39:07 Arbalester
39:53 Thumb Ring
Connection lost

Rejoining the realm…

Still unreachable

The connection could not be restored.

Session expired

The server has moved on; the page needs a fresh start.